 Dungeon Crawl Stone Soup version 0.27-a0-1586-gd5c625afe7 (webtiles) character file.

Game seed: 14270163405731978784

88 Conn the Firebug (level 4, -9/27 HPs)
             Began as an Octopode Fire Elementalist on July 18, 2021.
             Mangled by an iguana (14 damage)
             ... on level 3 of the Dungeon.
             The game lasted 00:04:21 (3125 turns).

Conn the Firebug (Octopode Fire Elementalist)       Turns: 3125, Time: 00:04:21

Health: -9/27      AC:  1    Str:  7    XL:     4   Next: 54%
Magic:  6/8        EV: 13    Int: 18    God:
Gold:   46         SH:  0    Dex: 12    Spells: 1/8 levels left

rFire    . . .     SeeInvis .   e - +2 hand axe (vorpal)
rCold    . . .     Faith    .   (no shield)
rNeg     . . .     Spirit   .   (helmet restricted)
rPois    .         Reflect  .   (no amulet)
rElec    .         Harm     .   (no ring)
rCorr    .         Rampage  .   (no ring)
Will     .....                  (no ring)
Stlth    +++.......             (no ring)
HPRegen  0.09/turn              (no ring)
MPRegen  0.11/turn              (no ring)
                                (no ring)
                                (no ring)

@: no status effects
A: almost no armour, amphibious, 8 rings, camouflage 1, gelatinous body 1,
(nimble swimmer 1), tentacles
a: no special abilities


You were on level 3 of the Dungeon.
You visited 1 branch of the dungeon, and saw 3 of its levels.

You collected 46 gold pieces.

Inventory:

Hand Weapons
 c - a +0 dagger
 e - a +2 vorpal hand axe (weapon)
Magical Staves
 f - a staff of earth
Scrolls
 a - a scroll of teleportation {unknown}
 d - a scroll of immolation {unknown}
 g - 3 scrolls of identify {unknown}
 h - a scroll of magic mapping {unknown}
 i - a scroll of fear
 j - a scroll of brand weapon {unknown}


   Skills:
 + Level 2.0 Dodging
 + Level 3.2 Stealth
 + Level 2.7 Spellcasting
 + Level 1.9 Conjurations
 + Level 4.1 Fire Magic


You had one spell level left.
You knew the following spells:

 Your Spells              Type           Power      Damage    Failure   Level
a - Foxfire               Conj/Fire      52%        2x1d6     4%          1
b - Conjure Flame         Conj/Fire      13%        6-21      14%         3
c - Inner Flame           Hex/Fire       9%         N/A       22%         3

Your spell library contained the following spells:

 Spells                   Type           Power      Damage    Failure   Level
 Sticky Flame             Conj/Fire      13%        2d4       43%         4
 Fireball                 Conj/Fire      6%         3d5       80%         5


Dungeon Overview and Level Annotations

Branches:
Dungeon (3/15)

Altars:


Innate Abilities, Weirdness & Mutations

You cannot wear most types of armour.
You are amphibious.
You can wear up to eight rings at the same time.
Your skin changes colour to match your surroundings (Stealth+).
Your rubbery body absorbs attacks. (AC +1, EV +1)
((You are camouflaged near water. (Stealth+)))
You have tentacles for arms and can constrict up to eight enemies at once.


Message History

A goblin comes into view. It is wielding a +0 dagger.
The goblin shouts!
The goblin moves out of view.
Casting: Foxfire (safe; 4% risk of failure)
Confirm with . or Enter, or press ? or * to list all spells.
You conjure some foxfire!
The foxfire hits the iguana.
The iguana is lightly wounded.
The iguana hisses angrily.
A white imp comes into view.
Casting: Foxfire (safe; 4% risk of failure)
Confirm with . or Enter, or press ? or * to list all spells.
You conjure some foxfire!
The foxfire hits the iguana but does no damage.
The iguana is lightly wounded.
The foxfire hits the iguana.
The iguana is moderately wounded.
The foxfire hits the iguana.
The iguana is heavily wounded.
A hobgoblin comes into view.
Unknown command.
You barely miss the iguana. You grab the iguana.
The iguana is heavily wounded.
You constrict the iguana. The iguana bites you.
You hit the goblin.
You kill the goblin!
You hit the iguana. You constrict the iguana. The iguana bites you!
An endoplasm comes into view.
The iguana bites you!
* * * LOW HITPOINT WARNING * * *
Unknown command.
Unknown command.
You feel better.
You constrict the iguana, but do no damage.
The iguana bites you!
* * * LOW HITPOINT WARNING * * *
The endoplasm misses you.
You release your grip on the iguana.
The iguana bites you!
Ouch! That really hurt!
You die...

#.# #. #.# ..
#.# #. #.# .
#.#.# ##
#.#5#....
#####.J......
##...@.#
#...##l#
#...##.#
##...##..
#...#####.
##...# ..
##...## ..
##...## ###
#...##


You could see an iguana, a white imp and an endoplasm.

Vanquished Creatures
  3 gnolls (D:2)
  An adder (D:2)
  A worm (D:2)
  4 ball pythons
  4 endoplasms
  4 giant cockroaches
  5 goblins
  4 hobgoblins
  2 jackals (D:1)
  2 quokkas (D:2)
  2 bats
  3 frilled lizards
  5 kobolds
  5 rats
45 creatures vanquished.

Vanquished Creatures (others)
  156 foxfires
156 creatures vanquished.

Grand Total: 201 creatures vanquished

Notes
Turn   | Place    | Note
-------+----------+-------------------------------------------
     0 | D:1      | Conn the Octopode Fire Elementalist began the quest for the
                  | Orb.
     0 | D:1      | Reached XP level 1. HP: 11/11 MP: 3/3
   337 | D:1      | Found a faded altar of an unknown god.
   345 | D:1      | Reached XP level 2. HP: 17/17 MP: 0/5
  1159 | D:1      | Reached XP level 3. HP: 21/21 MP: 4/6
  1163 | D:1      | Learned a level 3 spell: Conjure Flame
  1564 | D:3      | Noticed a water moccasin
  1658 | D:2      | Reached XP level 4. HP: 4/27 MP: 3/8
  2029 | D:2      | Reached skill level 4 in Fire Magic
  3064 | D:3      | Learned a level 3 spell: Inner Flame
  3125 | D:3      | Mangled by an iguana

Illustrated notes

Levels and vault maps discovered:
D:1:      minmay_arrival_wavy_path, layout_loops_cross,
          chequers_ecumenical_altar_simple_redux
D:2:      layout_loops_corners
D:3:      minmay_general_purpose_star, layout_rooms, serial_curves,
          eino_curves_02, eino_curves_02, skrybe_limestone_x,
          minmay_misc_feat_five

Skill      XL: |  1  2  3  4 |
---------------+-------------+-----
Fire Magic     | 4 |  4.1
Stealth        | 3 |  3.2
Dodging        | |  2.0
Spellcasting   | |  2.7
Conjurations   | |  1.9

Action                   |  1- 3 |  4- 6 || total
-------------------------+-------+-------++-------
Melee: Constrict         |     2 |     3 ||     5
       Unarmed           |     1 |       ||     1
       Hand axe          |     5 |     5 ||    10
       Dagger            |     1 |       ||     1
       Tentacles         |     1 |       ||     1
 Cast: Foxfire           |    54 |    31 ||    85
  Use: Potion            |     1 |     1 ||     2
       Scroll            |     1 |       ||     1
 Stab: Sleeping          |     1 |       ||     1
Armor: Skin              |     2 |     3 ||     5
Dodge: Dodged            |    19 |     6 ||    25

Table legend: (Time is in decaauts)
 A = Elapsed time spent in this place.
 B = Non-inter-level travel time spent in this place.
 C = Inter-level travel time spent in this place.
 D = Time resting spent in this place.
 E = Time spent auto-exploring this place.
 F = Levels seen in this place.
 G = Mean time per level.
                   A        B        C        D        E       F      G
               +--------+--------+--------+--------+--------+-----+--------+
         Total |   3127 |   3051 |     76 |     63 |   2443 |   3 | 1042.3 |
       Dungeon |   3127 |   3051 |     76 |     63 |   2443 |   3 | 1042.3 |
               +--------+--------+--------+--------+--------+-----+--------+

Top non-repeatable levels by time:
     D:2: 1740 daAuts
     D:1: 1259 daAuts
     D:3: 127 daAuts
